 Dungeon Crawl Stone Soup version 0.29.1-13-g9f3cf754e1 (webtiles) character file.

Game seed: 5096597080682509472

41 croobank the Sneak (level 3, -4/26 HPs)
             Began as an Octopode Delver on Jan 21, 2023.
             Slain by a worm (10 damage)
             ... on level 2 of the Dungeon.
             The game lasted 00:03:30 (1274 turns).

croobank the Sneak (Octopode Delver)                Turns: 1274, Time: 00:03:31

Health: -4/26      AC:  1    Str: 11    XL:     3   Next: 52%
Magic:  3/3        EV: 13    Int: 20    God:
Gold:   58         SH:  0    Dex: 13    Spells: 2/2 levels left

rFire   . . .      SeeInvis .   a - +0 hand axe
rCold   . . .      Faith    .   (no shield)
rNeg    . . .      Spirit   .   (helmet restricted)
rPois   .          Reflect  .   (no amulet)
rElec   .          Harm     .   d - +6 ring of intelligence
rCorr   .          Rampage  .   (no ring)
Will    .....                   (no ring)
Stlth   ++++......              (no ring)
HPRegen 0.08/turn               (no ring)
MPRegen 0.08/turn               (no ring)
                                (no ring)
                                (no ring)

@: no status effects
A: almost no armour, amphibious, 8 rings, camouflage 1, gelatinous body 1,
(nimble swimmer 1), tentacles
a: no special abilities


You were on level 2 of the Dungeon.
You visited 1 branch of the dungeon, and saw 5 of its levels.

You collected 58 gold pieces.

Inventory:

Hand Weapons
 a - a +0 hand axe (weapon)
Armour
 g - a +0 buckler
 k - an orb of wrath
Jewellery
 d - a +6 ring of intelligence (left tentacle)
 j - a ring of poison resistance
Wands
 e - a wand of roots (12)
 f - a wand of digging (3)
Scrolls
 b - a scroll of fog
 c - a scroll of magic mapping
 h - a scroll of identify {unknown}
 i - a scroll of enchant armour {unknown}
 m - a scroll of teleportation {unknown}
Potions
 l - a potion of flight {unknown}


   Skills:
 + Level 3.4 Fighting
 + Level 2.5 Axes
 + Level 2.5 Dodging
 + Level 7.0 Stealth


You had 2 spell levels left.
You didn't know any spells.
Your spell library was empty.

Dungeon Overview and Level Annotations

Branches:
Dungeon (6/15)
 Temple: D:4-7

Altars:
Hepliaklqana
Qazlal


Innate Abilities, Weirdness & Mutations

You cannot wear most types of armour.
You are amphibious.
You can wear up to eight rings at the same time.
Your skin changes colour to match your surroundings (Stealth+).
Your rubbery body absorbs attacks. (AC +1, EV +1)
((You are camouflaged when in or above water. (Stealth+)))
You have tentacles for arms and can constrict up to eight enemies at once.


Message History

The jackal is almost dead.
You constrict the jackal.
You kill the jackal!
A worm comes into view.
The quokka barely misses you.
You barely miss the jackal. Your grab misses the jackal.
You squeeze the jackal.
You kill the jackal!
You hit the quokka but do no damage. The quokka bites you.
The jackal completely misses you.
The quokka bites you but does no damage.
You hit the jackal. You grab the jackal. You squeeze the jackal.
The jackal is severely wounded.
You closely miss the quokka. You constrict the jackal. The jackal bites you.
The quokka barely misses you. The jackal barely misses you.
You release your grip on the jackal.
The quokka attacks as you move away!
The quokka bites you but does no damage.
The quokka misses you.
You hit the quokka. You grab the quokka. Your squeeze misses the quokka.
The quokka is severely wounded.
You constrict the quokka. The quokka closely misses you.
You barely miss the quokka. You squeeze the quokka.
You kill the quokka!
The jackal misses you.
You barely miss the jackal. Your grab misses the jackal.
The jackal is almost dead.
The jackal barely misses you. The jackal completely misses you.
You barely miss the jackal. You grab the jackal.
The jackal is almost dead.
You constrict the jackal.
You kill the jackal!
You hit the worm but do no damage. You grab the worm. You constrict the worm.
You hit the worm.
The worm is lightly wounded.
You constrict the worm. The worm bites you!
* * * LOW HITPOINT WARNING * * *
You hit the worm.
The worm is heavily wounded.
You constrict the worm. The worm bites you!
You die...

#.# #.# # #.# #.###.##
#...#.. #.†.# # #.#
###### #w# #..... #@#
#.#### .#####.### #.####
..........# #.##..
........#.# # #.##.#
..#######.##.######.#...
#...................
#.###.########..#..† #.#
#.)#... #.# #......


You could see a worm.

Vanquished Creatures
  An adder (D:4)
  An ufetubus (D:6)
  4 dart slugs
  A bat (D:2)
  An endoplasm (D:2)
  2 goblins (D:2)
  A hobgoblin (D:2)
  3 jackals (D:2)
  2 quokkas
  2 rats (D:2)
18 creatures vanquished.

Vanquished Creatures (others)
  3 fungi (D:4)
3 creatures vanquished.

Grand Total: 21 creatures vanquished

Notes
Turn   | Place    | Note
-------+----------+-------------------------------------------
     0 | D:5      | croobank the Octopode Delver began the quest for the Orb.
     0 | D:5      | Reached XP level 1. HP: 16/16 MP: 1/1
    36 | D:5      | Noticed an iguana
   213 | D:6      | Noticed a phantom
   260 | D:5      | Noticed an ogre
   261 | D:5      | Noticed an orc wizard
   275 | D:4      | Reached XP level 2. HP: 21/21 MP: 2/2
   299 | D:4      | Found a stormy altar of Qazlal.
   303 | D:4      | Noticed a phantom
   306 | D:4      | HP: 1/21 [jackal (2)]
   605 | D:2      | Reached XP level 3. HP: 18/26 MP: 3/3
  1071 | D:2      | Found a hazy altar of Hepliaklqana.
  1085 | D:2      | Reached skill level 7 in Stealth
  1274 | D:2      | Slain by a worm

Illustrated notes

Levels and vault maps discovered:
D:2:      layout_loops_ring, basic_altar, minmay_misc_feat_square,
          minmay_fractal_squares_gapless_5
D:3:      layout_loops_ring, lemuel_round_altar, mainiacjoe_overflow_boulevard,
          roderic_batcave, uniq_crazy_yiuf_cottage
D:4:      minmay_evil_eye, layout_basic, mainiacjoe_overflow_cross_hatched,
          serial_shops, shop_scrolls, serial_bayou, serial_bayou_crossing,
          serial_bayou_pond_b, serial_bayou_pond_e, serial_bayou_lake_a
D:5:      layout_basic, pdpol_wu_jian_five_deadly_venoms, portal_sewer_entry_a,
          grunt_decor_junction
D:6:      minmay_recursive_quarters, layout_loops_ring, lemuel_blue_sif_altar,
          minmay_temple_entry_arrows, grunt_ministairs_4,
          kennysheep_generic_room_6

Skill      XL: |  1  2  3 |
---------------+----------+-----
Stealth        | 7 |  7.0
Fighting       | |  3.4
Axes           | |  2.5
Dodging        | |  2.5

Action                   || total
-------------------------++-------
Melee: Hand axe          ||    44
       Constrict         ||    13
       Tentacles         ||     8
Evoke: Wand              ||     2
  Use: Potion            ||     1
       Scroll            ||     2
 Stab: Sleeping          ||     7
Armor: Skin              ||    10
Dodge: Dodged            ||    41
